[ AOE2 MATCH · #495699175 ]
UnrankedPortuguese vs Ethiopians
Player's team · WIN
Rival team · LOSS
[ REPLAY ANALYSIS · EXTRACTED FROM THE RECORDED GAME ]
Feudal
9:12
Castle
22:58
Imperial
—
| APM avg | 54.1 |
| APM peak | 88 |
| eAPM avg | 21.9 |
| Villagers / military | 95 / 176 |
Focus
⚔️ 58.5% · 🌾 41.5%
Knight ×88 · Archer ×69 · Mangonel ×9 · Organ Gun ×6 · Militia ×3 · Battering Ram ×1
Feudal
9:49
Castle
25:01
Imperial
—
| APM avg | 48.3 |
| APM peak | 91 |
| eAPM avg | 25.9 |
| Villagers / military | 180 / 231 |
Focus
⚔️ 25.1% · 🌾 74.9%
Archer ×203 · Skirmisher ×13 · Mangonel ×8 · Spearman ×7
Match map
Initial resources + every placement click. Lines = walls · curves = elevation contours. ◆ gold · ⬟ stone · ● berries · ✦ relic · ◌ wall gap
Your base· ✓ Closed at 22:58 · 51t walls · 1 gate(s)
HertOn's base· ✓ Closed at 25:01 · 19t walls · 2 gate(s)
Smoothed initial terrain · ◌ = detected wall gap · hover for details
Inputs per minute
— ImperialSheep - - HertOn
Build order — ImperialSheep
First 150 of 377 actions detected
| 0:00 | Create | Villager (Male) |
| 0:03 | Build | House |
| 0:04 | Build | House |
| 0:15 | Create | Villager (Male) |
| 0:20 | Create | Villager (Male) |
| 0:26 | Create | Villager (Male) |
| 1:20 | Create | Villager (Male) |
| 1:49 | Build | House |
| 1:55 | Create | Villager (Male) |
| 2:14 | Create | Villager (Male) |
| 2:21 | Build | Lumber Camp |
| 2:43 | Create | Villager (Male) |
| 2:58 | Create | Villager (Male) |
| 3:28 | Create | Villager (Male) |
| 3:58 | Create | Villager (Male) |
| 4:06 | Create | Villager (Male) |
| 4:52 | Create | Villager (Male) |
| 5:14 | Build | Barracks |
| 5:21 | Create | Villager (Male) |
| 5:46 | Create | Villager (Male) |
| 6:09 | Create | Villager (Male) |
| 6:22 | Research | Loom |
| 6:27 | Build | House |
| 6:55 | Research | Feudal Age |
| 7:16 | Build | Mining Camp |
| 7:37 | Create | Militia |
| 7:37 | Create | Militia |
| 8:05 | Create | Militia |
| 8:36 | Create | Villager (Male) |
| 8:40 | Build | Mill |
| 8:40 | Create | Villager (Male) |
| 9:12 | Age | Feudal Age |
| 9:18 | Research | Man-at-Arms (upgrade) |
| 9:42 | Create | Villager (Male) |
| 9:44 | Build | Archery Range |
| 9:51 | Build | Palisade Wall |
| 9:56 | Create | Villager (Male) |
| 10:05 | Build | Palisade Wall |
| 10:10 | Build | House |
| 10:12 | Build | House |
| 10:31 | Research | Double-Bit Axe |
| 10:44 | Build | Palisade Wall |
| 10:51 | Build | Palisade Gate |
| 10:52 | Create | Archer |
| 10:53 | Create | Archer |
| 11:04 | Create | Villager (Male) |
| 11:17 | Create | Villager (Male) |
| 11:45 | Build | Palisade Wall |
| 11:47 | Build | Palisade Wall |
| 11:50 | Create | Villager (Male) |
| 11:50 | Create | Archer |
| 12:02 | Build | Farm |
| 12:04 | Build | Farm |
| 12:04 | Create | Archer |
| 12:13 | Create | Villager (Male) |
| 12:23 | Build | Farm |
| 12:29 | Build | Farm |
| 12:31 | Create | Archer |
| 12:42 | Build | House |
| 12:43 | Build | House |
| 12:47 | Create | Villager (Male) |
| 12:49 | Build | Farm |
| 12:56 | Create | Archer |
| 12:59 | Create | Villager (Male) |
| 13:08 | Build | Palisade Wall |
| 13:33 | Build | Blacksmith |
| 13:44 | Create | Villager (Male) |
| 13:49 | Create | Villager (Male) |
| 13:52 | Build | Farm |
| 13:58 | Create | Villager (Male) |
| 14:27 | Build | House |
| 14:30 | Build | House |
| 14:32 | Build | Palisade Wall |
| 14:38 | Create | Villager (Male) |
| 14:44 | Create | Archer |
| 14:44 | Create | Archer |
| 14:46 | Create | Villager (Male) |
| 14:49 | Research | Fletching |
| 14:49 | Create | Villager (Male) |
| 14:55 | Create | Villager (Male) |
| 15:01 | Build | Farm |
| 15:12 | Build | Farm |
| 15:22 | Create | Villager (Male) |
| 15:26 | Create | Villager (Male) |
| 15:29 | Build | Farm |
| 15:30 | Create | Archer |
| 15:30 | Create | Archer |
| 15:36 | Create | Villager (Male) |
| 15:47 | Create | Villager (Male) |
| 15:49 | Build | House |
| 15:50 | Create | Archer |
| 15:51 | Create | Archer |
| 15:56 | Create | Villager (Male) |
| 15:58 | Build | Farm |
| 16:09 | Build | House |
| 16:10 | Build | House |
| 16:10 | Create | Villager (Male) |
| 16:19 | Create | Villager (Male) |
| 16:21 | Build | Farm |
| 16:30 | Create | Villager (Male) |
| 16:35 | Create | Archer |
| 16:35 | Create | Villager (Male) |
| 16:44 | Create | Villager (Male) |
| 16:46 | Build | Farm |
| 16:47 | Create | Villager (Male) |
| 17:43 | Create | Villager (Male) |
| 17:46 | Build | Lumber Camp |
| 17:48 | Build | House |
| 17:53 | Create | Villager (Male) |
| 17:55 | Build | Farm |
| 17:58 | Research | Wheelbarrow |
| 18:12 | Create | Villager (Male) |
| 18:15 | Create | Archer |
| 18:15 | Create | Archer |
| 18:21 | Build | House |
| 18:28 | Build | Farm |
| 18:44 | Create | Villager (Male) |
| 18:46 | Build | Farm |
| 18:50 | Build | Farm |
| 18:51 | Build | House |
| 19:10 | Create | Villager (Male) |
| 19:21 | Build | Archery Range |
| 19:28 | Create | Villager (Male) |
| 19:41 | Build | Market |
| 19:48 | Build | Farm |
| 19:53 | Create | Villager (Male) |
| 20:07 | Research | Castle Age |
| 20:08 | Create | Archer |
| 20:08 | Create | Archer |
| 20:15 | Create | Archer |
| 20:15 | Create | Archer |
| 20:37 | Build | Stable |
| 20:43 | Create | Archer |
| 20:43 | Create | Archer |
| 20:47 | Create | Archer |
| 20:48 | Create | Villager (Male) |
| 20:58 | Research | Padded Archer Armor |
| 21:06 | Create | Archer |
| 21:18 | Create | Archer |
| 21:27 | Research | Scale Barding Armor |
| 21:28 | Create | Villager (Male) |
| 21:45 | Build | Mining Camp |
| 22:02 | Research | Bloodlines |
| 22:06 | Build | Farm |
| 22:18 | Build | Farm |
| 22:19 | Research | Horse Collar |
| 22:51 | Create | Archer |
| 22:58 | Age | Castle Age |
| 23:00 | Research | Crossbowman (upgrade) |
| 23:13 | Research | Bodkin Arrow |
Build order — HertOn
First 150 of 349 actions detected
| 0:03 | Build | House |
| 0:04 | Build | House |
| 0:05 | Create | Villager (Male) ×4 |
| 1:32 | Create | Villager (Male) |
| 1:32 | Create | Villager (Male) |
| 2:07 | Create | Villager (Male) |
| 2:10 | Build | Lumber Camp |
| 2:30 | Create | Villager (Male) |
| 2:30 | Create | Villager (Male) |
| 2:50 | Create | Villager (Male) |
| 2:50 | Create | Villager (Male) |
| 3:09 | Build | House |
| 3:16 | Create | Villager (Male) |
| 3:16 | Create | Villager (Male) |
| 3:36 | Build | House |
| 3:43 | Create | Villager (Male) |
| 3:43 | Create | Villager (Male) |
| 4:07 | Create | Villager (Male) |
| 4:17 | Build | House |
| 4:37 | Create | Villager (Male) |
| 4:37 | Create | Villager (Male) |
| 4:42 | Build | House |
| 5:00 | Create | Villager (Male) ×3 |
| 5:01 | Create | Villager (Male) ×3 |
| 5:51 | Build | Mill |
| 5:59 | Research | Loom |
| 6:15 | Build | Palisade Wall |
| 6:46 | Create | Villager (Male) |
| 7:08 | Create | Villager (Male) |
| 7:39 | Research | Feudal Age |
| 7:50 | Build | House |
| 8:09 | Create | Villager (Male) |
| 8:09 | Create | Villager (Male) |
| 8:19 | Build | Barracks |
| 8:26 | Build | Barracks |
| 8:31 | Build | Palisade Wall |
| 8:43 | Create | Villager (Male) |
| 9:25 | Build | Palisade Gate |
| 9:31 | Build | House |
| 9:36 | Build | Palisade Wall |
| 9:37 | Build | Palisade Wall |
| 9:49 | Age | Feudal Age |
| 9:51 | Create | Villager (Male) |
| 9:52 | Create | Villager (Male) |
| 10:20 | Build | Archery Range |
| 10:35 | Create | Villager (Male) |
| 10:35 | Create | Villager (Male) |
| 11:03 | Create | Archer |
| 11:03 | Create | Archer |
| 11:07 | Create | Villager (Male) |
| 11:10 | Build | House |
| 11:17 | Create | Villager (Male) |
| 11:20 | Research | Double-Bit Axe |
| 11:38 | Create | Villager (Male) |
| 11:38 | Create | Villager (Male) |
| 11:44 | Create | Archer |
| 11:45 | Create | Archer |
| 11:55 | Build | House |
| 12:21 | Build | Mining Camp |
| 12:25 | Create | Archer |
| 12:27 | Create | Villager (Male) |
| 12:29 | Build | House |
| 12:54 | Build | House |
| 12:56 | Build | Palisade Wall |
| 12:56 | Build | Palisade Wall |
| 13:06 | Create | Villager (Male) |
| 13:08 | Research | Horse Collar |
| 13:09 | Research | Horse Collar |
| 13:24 | Build | House |
| 13:31 | Create | Spearman |
| 13:34 | Create | Archer |
| 13:34 | Create | Archer |
| 13:54 | Build | Blacksmith |
| 13:56 | Create | Archer |
| 13:56 | Create | Archer |
| 14:00 | Create | Villager (Male) |
| 14:00 | Create | Villager (Male) |
| 14:10 | Build | Lumber Camp |
| 14:28 | Build | Farm |
| 14:34 | Build | House |
| 14:42 | Create | Archer |
| 14:48 | Build | House |
| 14:49 | Build | House |
| 14:52 | Create | Villager (Male) |
| 15:03 | Build | Farm |
| 15:05 | Build | Farm |
| 15:06 | Build | Farm |
| 15:07 | Build | Farm |
| 15:09 | Build | Farm |
| 15:12 | Research | Fletching |
| 15:34 | Build | Farm |
| 15:44 | Build | Palisade Gate |
| 16:00 | Create | Archer |
| 16:00 | Create | Archer |
| 16:03 | Create | Villager (Male) |
| 16:03 | Create | Villager (Male) |
| 16:08 | Build | Farm |
| 16:09 | Build | Farm |
| 16:10 | Build | Farm |
| 16:14 | Build | Farm |
| 16:19 | Create | Villager (Male) |
| 16:22 | Build | Archery Range |
| 16:27 | Create | Archer |
| 16:28 | Create | Archer |
| 16:40 | Build | Farm |
| 16:41 | Build | Farm |
| 17:28 | Create | Archer ×2 |
| 17:40 | Create | Villager (Male) |
| 17:41 | Create | Villager (Male) |
| 17:41 | Create | Villager (Male) |
| 17:45 | Build | Farm |
| 17:46 | Build | Farm |
| 17:46 | Build | Farm |
| 17:53 | Create | Skirmisher ×4 |
| 17:53 | Create | Skirmisher ×4 |
| 18:06 | Create | Villager (Male) |
| 18:14 | Build | Market |
| 18:19 | Create | Skirmisher |
| 18:19 | Create | Skirmisher |
| 18:42 | Create | Skirmisher ×2 |
| 19:19 | Create | Villager (Male) |
| 19:20 | Create | Villager (Male) |
| 19:20 | Create | Villager (Male) |
| 19:25 | Build | House |
| 19:26 | Build | House |
| 19:27 | Build | House |
| 19:34 | Build | Farm |
| 19:37 | Create | Archer ×5 |
| 19:37 | Create | Archer ×5 |
| 19:50 | Build | Farm |
| 19:51 | Create | Villager (Male) |
| 19:59 | Create | Archer |
| 20:00 | Create | Skirmisher |
| 20:12 | Create | Villager (Male) |
| 20:12 | Create | Villager (Male) |
| 20:30 | Create | Archer ×4 |
| 20:30 | Create | Archer ×4 |
| 20:47 | Build | Farm |
| 20:48 | Build | Farm |
| 20:52 | Build | House |
| 20:53 | Build | House |
| 20:55 | Build | House |
| 20:59 | Build | House |
| 21:03 | Build | Farm |
| 21:06 | Create | Villager (Male) |
| 21:26 | Create | Spearman |
| 21:40 | Create | Spearman |
| 21:55 | Build | Farm |
| 22:21 | Research | Castle Age |
| 22:24 | Create | Archer ×2 |
Match timeline
| 5:14 | ImperialSheep · first_building Barracks |
| 6:15 | HertOn · wall_segment Palisade Wall x14 |
| 8:19 | HertOn · first_building Barracks |
| 8:31 | HertOn · wall_segment Palisade Wall x1 |
| 9:12 | ImperialSheep · age_up feudal |
| 9:36 | HertOn · wall_segment Palisade Wall x1 |
| 9:37 | HertOn · wall_segment Palisade Wall x1 |
| 9:44 | ImperialSheep · first_building Archery Range |
| 9:49 | HertOn · age_up feudal |
| 9:51 | ImperialSheep · wall_segment Palisade Wall x14 |
| 10:05 | ImperialSheep · wall_segment Palisade Wall x9 |
| 10:20 | HertOn · first_building Archery Range |
| 10:44 | ImperialSheep · wall_segment Palisade Wall x11 |
| 11:45 | ImperialSheep · wall_segment Palisade Wall x5 |
| 11:47 | ImperialSheep · wall_segment Palisade Wall x1 |
| 12:56 | HertOn · wall_segment Palisade Wall x1 |
| 12:56 | HertOn · wall_segment Palisade Wall x1 |
| 13:08 | ImperialSheep · wall_segment Palisade Wall x10 |
| 14:32 | ImperialSheep · wall_segment Palisade Wall x1 |
| 20:37 | ImperialSheep · first_building Stable |
| 22:58 | ImperialSheep · age_up castle |
| 24:03 | ImperialSheep · first_building Siege Workshop |
| 25:01 | HertOn · age_up castle |
| 25:07 | HertOn · first_building Siege Workshop |
| 25:43 | HertOn · first_market_sell 100 food |
| 27:16 | HertOn · first_market_buy 100 wood |
| 36:59 | ImperialSheep · first_market_buy 100 stone |
| 38:09 | ImperialSheep · first_market_sell 500 food |
| 40:27 | ImperialSheep · first_building Castle |
| 49:42 | HertOn · resign |
[ AI ANALYSIS · 1 CREDIT ]
What really happened in this match?
Wolo.gg analyzes every decision: build order, eco, micro, common mistakes by bracket. Personalized analysis on WhatsApp or Discord in 30 seconds.
Civ guide
Portuguese
Perfil
ImperialSheep